 Dungeon Crawl Stone Soup version 0.24.0-2-g5b39cebb1c (webtiles) character file.

Game seed: 8418285581734807083, levelgen mode: deterministic

962 Mrkan the Grappler (level 7, -8/72 HPs)
             Began as a Troll Monk on Oct 29, 2019.
             Was a Priest of Okawaru.
             Mangled by a two-headed ogre
             ... wielding a +0 giant club
              (21 damage)
             ... on level 6 of the Dungeon.
             The game lasted 00:09:22 (4569 turns).

Mrkan the Grappler (Troll Monk)                     Turns: 4569, Time: 00:09:23

Health: -8/72      AC:  8    Str: 21    XL:     7   Next: 92%
Magic:  6/6        EV: 10    Int:  6    God:    Okawaru [***...]
Gold:   361        SH:  0    Dex: 13    Spells: 6/6 levels left

rFire    . . .     SeeInvis .     - Unarmed
rCold    . . .     Gourm    +   (no shield)
rNeg     . . .     Faith    .   a - +0 robe
rPois    .         Spirit   .   (helmet restricted)
rElec    .         Reflect  .   j - +1 cloak
rCorr    .         Harm     .   (gloves unavailable)
MR       .....                  (boots unavailable)
Stlth    ++........             (no amulet)
HPRegen  0.62/turn              (no ring)
MPRegen  0.10/turn              (no ring)

@: marked
A: large, unfitting armour, claws 3, fast metabolism 3, gourmand, regeneration
1, shaggy fur 1, tough skin 3
a: Heroism, Renounce Religion


You were on level 6 of the Dungeon.
You worshipped Okawaru.
Okawaru was most pleased with you.
You were very full.

You visited 2 branches of the dungeon, and saw 7 of its levels.

You collected 361 gold pieces.

Inventory:

Missiles
 e - 4 javelins (quivered)
 r - 27 poisoned darts
 v - 117 stones
Armour
 a - a +0 robe (worn)
 j - a +1 cloak (worn)
Wands
 s - a wand of digging (5)
Scrolls
 c - 7 scrolls of teleportation {unknown}
 f - a scroll of fog {unknown}
 g - 2 scrolls of enchant weapon {unknown}
 k - 9 scrolls of identify {unknown}
 l - 5 scrolls of remove curse {unknown}
 p - 2 scrolls of amnesia {unknown}
 q - 2 scrolls of magic mapping {unknown}
 t - a scroll of blinking {unknown}
 x - a scroll of fear {unknown}
Potions
 d - a potion of resistance {unknown}
 h - a potion of berserk rage {unknown}
 i - 3 potions of curing {unknown}
 m - 2 potions of flight {unknown}
 n - a potion of heal wounds {unknown}
 o - 2 potions of lignification {unknown}
 u - a potion of mutation {unknown}
Comestibles
 b - 9 rations
 w - a chunk of flesh


   Skills:
 + Level 5.0 Fighting
 - Level 2.4 Dodging
 - Level 1.0 Stealth
 * Level 8.1 Unarmed Combat


You had 6 spell levels left.
You didn't know any spells.
Your spell library contained the following spells:

 Spells                   Type           Power        Failure   Level  Hunger
 Animate Skeleton         Necr           N/A          45%         1    ##.....
 Apportation              Tloc           #.....       45%         1    ##.....
 Confusing Touch          Hex            #.....       45%         1    ##.....
 Corona                   Hex            #......      45%         1    ##.....
 Summon Small Mammal      Summ           #...         45%         1    ##.....
 Ensorcelled Hibernation  Hex/Ice        #.....       58%         2    ###....
 Confuse                  Hex            #.......     83%         3    ####...
 Dazzling Spray           Conj/Hex       #.....       83%         3    ####...
 Tukima's Dance           Hex            #.......     83%         3    ####...


Dungeon Overview and Level Annotations

Branches:
Dungeon (6/15)             Temple (1/1) D:4

Altars:
Ashenzari
Cheibriados
Dithmenos
Elyvilon
Fedhas
Gozag
Hepliaklqana
Kikubaaqudgha
Makhleb
Nemelex Xobeh
Okawaru
Qazlal
Ru
Sif Muna
Trog
Uskayaw
Vehumet
Wu Jian
Xom
Yredelemnul
Zin
The Shining One


Innate Abilities, Weirdness & Mutations

You are too large for most types of armour.
You have claws for hands.
Your metabolism is lightning-fast.
You like to eat raw meat.
Your natural rate of healing is unusually fast.
You are covered in fur. (AC +1)
You have extremely tough skin. (AC +3)


Message History

The worker ant closely misses you.
You claw the worker ant!
You kill the worker ant!
Okawaru accepts your kill.
Your Fighting skill increases to level 5!
You barely miss the two-headed ogre.
A worker ant comes into view.
The two-headed ogre hits you with a +0 giant club!!
The two-headed ogre hits you with a +0 giant club!
You scratch the two-headed ogre.
The two-headed ogre is lightly wounded.
The two-headed ogre closely misses you. The two-headed ogre barely misses you.
The giant cockroach zombie bites you but does no damage.
You barely miss the giant cockroach zombie.
The giant cockroach zombie bites you but does no damage.
You scratch the giant cockroach zombie but do no damage.
The two-headed ogre hits you with a +0 giant club!
* * * LOW HITPOINT WARNING * * *
The two-headed ogre hits you with a +0 giant club!!
You die...

#.. # ... ..#
##.## ##≈^≈##
##Z♣.§.## # #
..#@♣.^§≈§#.#
#...#O#.#§.§#.#
...
#..♣.^_≈....#
#..
##§..♣(#####
#.# #≈.....≈#
#.#
#######^..(≈##
## #.#
#.....###≈.##
.# #.#
#.####.##.## .#
#.# #.# ##.#..#


You could see a two-headed ogre and a giant cockroach zombie.

Vanquished Creatures
  Eustachio (D:4)
  2 centaurs
  A bullfrog (D:6)
  3 scorpions
  A crimson imp (D:6)
  2 hounds
  Crazy Yiuf (D:4)
  An orc wizard (D:3)
  Jessica (D:3)
  An iguana (D:2)
  3 worker ants (D:6)
  8 adders
  4 gnolls
  2 oozes
  An adder skeleton (D:5)
  2 worms
  A dart slug (D:1)
  2 leopard geckos
  5 orcs
  5 ball pythons
  4 bats
  9 giant cockroaches
  9 goblins
  3 hobgoblins (D:3)
  A quokka (D:5)
  10 kobolds
  A leopard gecko skeleton (D:5)
  A quokka skeleton (D:6)
  2 rats
87 creatures vanquished.

Notes
Turn   | Place    | Note
-------+----------+-------------------------------------------
     0 | D:1      | Mrkan the Troll Monk began the quest for the Orb.
     0 | D:1      | Reached XP level 1. HP: 22/22 MP: 0/0
   110 | D:1      | Reached XP level 2. HP: 28/29 MP: 1/1
   840 | D:2      | Reached skill level 4 in Unarmed Combat
   840 | D:2      | Reached XP level 3. HP: 22/36 MP: 2/2
  1093 | D:2      | Reached XP level 4. HP: 45/45 MP: 3/3
  1798 | D:2      | Reached skill level 5 in Unarmed Combat
  1805 | D:2      | Reached XP level 5. HP: 27/53 MP: 4/4
  2034 | D:3      | Noticed Jessica
  2041 | D:3      | Killed Jessica
  2232 | D:3      | Found a blossoming altar of Fedhas.
  2574 | D:4      | Found a staircase to the Ecumenical Temple.
  2599 | Temple   | Entered the Ecumenical Temple
  2761 | Temple   | Became a worshipper of Warmaster Okawaru
  2761 | Temple   | Reached * piety under Okawaru
  2761 | Temple   | Reached ** piety under Okawaru
  2878 | D:4      | Reached XP level 6. HP: 62/62 MP: 5/5
  2904 | D:4      | Reached skill level 6 in Unarmed Combat
  2944 | D:4      | Noticed Eustachio
  2968 | D:4      | Killed Eustachio
  3110 | D:4      | Found a runed translucent door.
  3111 | D:4      | Noticed Crazy Yiuf
  3298 | D:4      | Found an ancient bone altar of Kikubaaqudgha.
  3361 | D:4      | Killed Crazy Yiuf
  3413 | D:5      | Entered Level 5 of the Dungeon
  3417 | D:5      | Reached XP level 7. HP: 70/70 MP: 6/6
  3438 | D:5      | Found a hazy altar of Hepliaklqana.
  3443 | D:5      | Found an ornate altar of the Wu Jian Council.
  3520 | D:5      | Found a glowing golden altar of the Shining One.
  3761 | D:5      | Reached *** piety under Okawaru
  3761 | D:5      | Reached skill level 7 in Unarmed Combat
  3889 | D:5      | Found a shattered altar of Ashenzari.
  4186 | D:6      | Noticed a two-headed ogre
  4414 | D:6      | Found a shimmering blue altar of Sif Muna.
  4548 | D:6      | Found a shimmering altar of Xom.
  4562 | D:6      | Reached skill level 8 in Unarmed Combat
  4565 | D:6      | Reached skill level 5 in Fighting
  4569 | D:6      | Mangled by a two-headed ogre

Levels and vault maps discovered:
D:1:      lightli_arrival_windingriver, layout_loops_ring,
          chequers_serial_rivers_micro_b
D:2:      layout_basic, first_ration, bh_walls_and_bars
D:3:      layout_basic, lemuel_round_altar, uniq_jessica
D:4:      layout_cave_pools, lemuel_coloured_pillars_altar, temple_statues,
          uniq_crazy_yiuf_cottage, uniq_eustachio
D:5:      layout_basic, old_standard_altar, minitemple, basic_altar
D:6:      layout_loops_corners, nicolae_overflow_crystal_walls, minivault_25,
          xom_redecorated
Temple:   nicolae_temple_elliptical

Skill      XL: |  1  2  3  4  5  6  7 |
---------------+----------------------+-----
Unarmed Combat | 4 5 6 8 |  8.1
Fighting       | 3 4 5 |  5.0
Dodging        | |  2.4
Stealth        | |  1.0

Action                   |  1- 3 |  4- 6 |  7- 9 || total
-------------------------+-------+-------+-------++-------
Melee: Unarmed           |    58 |   157 |    77 ||   292
       Punch             |     1 |     5 |     3 ||     9
 Stab: Sleeping          |     1 |     2 |     2 ||     5
       Distracted        |       |       |     1 ||     1
  Eat: Chunk             |    11 |    19 |    15 ||    45
Armor: Robe              |    29 |    48 |    21 ||    98
Dodge: Dodged            |    22 |    84 |    30 ||   136
